 Dungeon Crawl Stone Soup version 0.32-a0-520-g344ed53f66 (webtiles) character file.

Game seed: 16516419717370370177

98 korrot the Magician (level 4, -1/33 HPs)
             Began as a Draconian Conjurer on Feb 28, 2024.
             Incinerated by a bombardier beetle (5 damage)
             ... with a burning spray
             ... on level 2 of the Dungeon.
             The game lasted 00:04:54 (2090 turns).

korrot the Magician (Draconian Conjurer)            Turns: 2090, Time: 00:04:56

Health: -1/33      AC:  5    Str: 10    XL:     4   Next: 43%
Magic:  6/10       EV: 12    Int: 18    God:
Gold:   79         SH:  0    Dex: 11    Spells: 10/11 levels left

rFire   . . .        b - +0 short sword
rCold   . . .        (no shield)
rNeg    . . .        (body armour unavailable)
rPois   .            (helmet restricted)
rElec   .            (no cloak)
rCorr   .            (no gloves)
SInv    .            (no boots)
Will    .....        (no amulet)
Stlth   +            (no ring)
HPRegen 0.25/turn    (no ring)
MPRegen 0.12/turn

%: no passive effects
@: brilliant, on fire, glowing
A: AC +5, unfitting armour, cold-blooded
a: no special abilities


You were on level 2 of the Dungeon.
You visited 1 branch of the dungeon, and saw 3 of its levels.

You collected 79 gold pieces.

Inventory:

Hand Weapons
 b - a +0 short sword (weapon)
Missiles
 c - 23 stones
 m - 2 poisoned darts
Jewellery
 f - an amulet of faith
 i - a ring of poison resistance
 o - a +4 ring of slaying
Scrolls
 e - a scroll of amnesia {unknown}
 g - 2 scrolls of identify {unknown}
 h - a scroll of fear {unknown}
 j - a scroll of silence {unknown}
 p - a scroll of teleportation {unknown}
 q - a scroll of immolation {unknown}
 r - a scroll of summoning {unknown}
Potions
 a - a potion of magic
 d - a potion of brilliance
 l - a potion of enlightenment {unknown}
 n - a potion of lignification {unknown}


   Skills:
 - Level 1.7 Dodging
 - Level 1.7 Stealth
 + Level 4.4 Spellcasting
 - Level 4.0 Conjurations


You had 10 spell levels left.
You knew the following spells:

 Your Spells              Type           Power      Damage    Failure   Level
a - Magic Dart            Conj           100%       1d8       2%          1

Your spell library contained the following spells:

 Spells                   Type           Power      Damage    Failure   Level
 Searing Ray              Conj           54%        2d6       4%          2
 Fulminant Prism          Conj/Alch      8%         3d7       52%         4
 Iskenderun's Mystic Bla  Conj/Tloc      16%        2d5       52%         4


Dungeon Overview and Level Annotations

Branches:
Dungeon (3/15)

Altars:

Annotations:
D:3 1 runed translucent door, Ijyb; javelincjr's ghost, weakling DsWr


Innate Abilities, Weirdness & Mutations

Your plain brown scales are hard. (AC +5)
You cannot fit into any form of body armour.
You are cold-blooded and may be slowed by cold attacks.


Message History

The bombardier beetle is almost dead.
The bombardier beetle sprays incendiary fluid at you.
The burning spray hits you.
You are covered in liquid fire!
You hit the bombardier beetle.
The bombardier beetle is almost dead.
The liquid fire burns you!
The bombardier beetle sprays incendiary fluid at you.
The burning spray hits you.
You are even more covered in liquid fire!
You hit the bombardier beetle.
You kill the bombardier beetle!
The liquid fire burns you!
Your Spellcasting skill increases to level 4!
You have reached level 4!
You feel stronger. The liquid fire burns you!
You shake off some of the fire as you move.
You climb upwards.
The liquid fire burns you!
* * * LOW HITPOINT WARNING * * *
There is a stone staircase leading down here.
It was a potion of brilliance.
You feel clever all of a sudden. The liquid fire burns you!
* * * LOW HITPOINT WARNING * * *
It was a potion of heal wounds.
You feel much better. The liquid fire burns you!
You are on fire!
You are on fire!
The liquid fire burns you! The liquid fire burns you!
The liquid fire burns you! The liquid fire burns you!
The liquid fire burns you!
* * * LOW HITPOINT WARNING * * *
The liquid fire burns you!
* * * LOW HITPOINT WARNING * * *
The liquid fire burns you!
You die...

#.†.....†.....#
#.###########.### #.# #...#
#.# ##########.### #.#
#............# #.#
#.#######.##.# #.# #.#
#.#.##.# #.# #.# #[#.##.# #.#
#.# #@...#.# #.# #.# #.#..#.#
#.# #.# #.#....#
##.####.#####.#.#.##
#.............#.#..#
#######.#####.####.###########
#.# #.# #..)......... #.#
#.########......##
#.#####.##....##.#....##


There were no monsters in sight!

Vanquished Creatures
  A bombardier beetle (D:3)
  An adder (D:3)
  2 dart slugs
  2 orcs (D:3)
  2 ball pythons
  3 bats
  3 endoplasms
  2 giant cockroaches (D:1)
  3 goblins
  5 hobgoblins
  4 jackals
  2 kobolds (D:1)
  2 quokkas (D:2)
  2 frilled lizards
  6 rats
40 creatures vanquished.

Notes
Turn   | Place    | Note
-------+----------+-------------------------------------------
     0 | D:1      | korrot the Draconian Conjurer began the quest for the Orb.
     0 | D:1      | Reached XP level 1. HP: 14/14 MP: 3/3
   176 | D:1      | Reached XP level 2. HP: 20/20 MP: 1/5
   930 | D:2      | Reached XP level 3. HP: 26/26 MP: 5/7
  1728 | D:3      | Noticed Ijyb
  1802 | D:3      | Found a faded altar of an unknown god.
  1804 | D:3      | Noticed javelincjr's ghost (weakling DsWr)
  1805 | D:3      | Found a runed translucent door.
  2080 | D:3      | Reached XP level 4. HP: 16/33 MP: 5/10
  2090 | D:2      | Incinerated by a bombardier beetle

Illustrated notes

Levels and vault maps discovered:
D:1:      dpeg_arrival_round_b, layout_basic
D:2:      layout_basic, solitary_fountain, chequers_serial_rivers_micro_a
D:3:      layout_basic, hellmonk_ghost_happy_afterlife,
          hellmonk_ecumenical_altar_pennies_from_heaven, uniq_grinder, uniq_ijyb

Skill      XL: |  1  2  3 |
---------------+----------+-----
Spellcasting   | 3 4 |  4.4
Dodging        | |  1.7
Stealth        | |  1.7
Conjurations   | |  4.0

Action                     |  1- 3 |  4- 6 || total
---------------------------+-------+-------++-------
  Melee: Short sword       |    46 |       ||    46
         Tailslap          |     5 |       ||     5
   Cast: Magic Dart        |    82 |       ||    82
    Use: Potion            |       |     2 ||     2
   Stab: Sleeping          |     1 |       ||     1
 Armour: Skin              |    27 |       ||    27
  Dodge: Dodged            |    37 |       ||    37
         Repelled          |     3 |       ||     3

Table legend: (Time is in decaauts)
 A = Elapsed time spent in this place.
 B = Non-inter-level travel time spent in this place.
 C = Inter-level travel time spent in this place.
 D = Time resting spent in this place.
 E = Time spent auto-exploring this place.
 F = Levels seen in this place.
 G = Mean time per level.
                   A        B        C        D        E       F      G
               +--------+--------+--------+--------+--------+-----+--------+
         Total |   2095 |   1971 |    124 |    281 |   1346 |   3 |  698.3 |
       Dungeon |   2095 |   1971 |    124 |    281 |   1346 |   3 |  698.3 |
               +--------+--------+--------+--------+--------+-----+--------+

Top non-repeatable levels by time:
     D:2: 1101 daAuts
     D:1: 814 daAuts
     D:3: 180 daAuts
